Map: Automaton LE

Players

Elazer

  • Race: Zerg Zerg
  • Spawn Location: 9:00

Neeb - Winner!

  • Race: Protoss Protoss
  • Spawn Location: 3:00

Event: 2019 WCS Spring

VOD

Have the link to the VOD?

Description

Time

  • Played on: May 19, 2019, 6:23 a.m.
  • Length: 11:54

All games in this series

Show
View Real Time Build Order
Export as new Build Order

Elazer Zerg 

Build Orders: Hatch First, Muta Ling Bane 

Get SALT Encoding   

  12  0:00  Drone  
  13  0:12  Overlord  
  13  0:17  Drone  
  14  0:30  Drone x2  
  16  0:49  Hatchery  
  15  0:52  Drone  
  15  0:56  Drone  
  17  0:59  Drone  
  18  1:10  Extractor  
  17  1:14  Spawning Pool  
  17  1:17  Drone  
  17  1:21  Drone  
  18  1:28  Drone  
  19  1:39  Drone  
  20  1:50  Drone  
  21  2:01  Overlord, Queen x2  
  21  2:02  Zergling x2  
  26  2:11  Zergling x2  
  26  2:12  Drone  
  28  2:21  Drone  
  28  2:22  Drone  
  30  2:33  Drone x2  
  32  2:40  Queen  
  34  2:45  Hatchery  
  34  2:48  Metabolic Boost  
  33  2:52  Overlord  
  33  2:57  Drone x2  
  35  3:00  Drone  
  36  3:11  Drone x2  
  36  3:12  Drone x3  
  41  3:14  Spore Crawler  
  40  3:21  Queen, Drone x2  
  40  3:27  Overlord  
  44  3:33  Overlord  
  44  3:45  Drone x7  
  51  3:51  Spore Crawler  
  51  3:52  Drone x2  
  52  3:58  Queen, Drone x2  
  52  4:02  Drone  
  57  4:06  Spore Crawler  
  57  4:09  Drone x2  
  58  4:11  Spore Crawler, Overlord  
  57  4:20  Zergling x2  
  57  4:23  Drone  
  58  4:31  Drone x2  
  60  4:32  Zergling x4  
  60  4:33  Lair  
  60  4:37  Drone x4  
  66  4:40  Roach Warren  
  66  4:41  Extractor  
  66  4:42  Drone x2  
  66  4:43  Extractor  
  65  4:47  Overlord  
  65  4:49  Drone  
  65  4:52  Overlord  
  66  4:59  Overlord  
  65  5:08  Zergling x18  
  74  5:14  Overlord  
  74  5:20  Roach x2  
  78  5:21  Overlord  
  78  5:25  Roach x3  
  84  5:29  Roach  
  84  5:31  Overlord  
  90  5:35  Roach x3  
  90  5:37  Overlord  
  85  5:42  Drone x2  
  85  5:45  Drone x3  
  85  5:48  Drone  
  87  5:53  Extractor  
  87  5:55  Extractor, Drone x4  
  87  5:56  Extractor  
  88  5:57  Spire  
  88  5:59  Drone  
  89  6:04  Drone  
  89  6:05  Drone  
  89  6:10  Drone  
  91  6:11  Drone  
  91  6:12  Evolution Chamber  
  91  6:15  Drone  
  92  6:19  Hydralisk Den  
  92  6:21  Drone  
  92  6:22  Drone  
  93  6:26  Hatchery, Drone  
  94  6:32  Drone  
  94  6:35  Overlord  
  94  6:36  Drone x3  
  94  6:38  Drone, Zerg Melee Weapons Level 1  
  98  6:41  Overseer  
  98  6:47  Overlord  
  98  6:48  Overlord, Drone  
  98  6:50  Hydralisk x3, Grooved Spines  
  105  6:55  Hydralisk x3  
  105  6:59  Hydralisk x2  
  115  7:04  Hydralisk x2  
  119  7:08  Mutalisk  
  119  7:10  Overlord  
  120  7:15  Overlord  
  120  7:16  Drone x2, Baneling Nest  
  120  7:19  Drone x2  
  120  7:20  Drone  
  123  7:24  Drone  
  123  7:27  Overlord, Drone  
  125  7:31  Overlord  
  125  7:33  Hydralisk  
  125  7:34  Hydralisk x2  
  131  7:37  Drone x2  
  131  7:38  Drone  
  131  7:40  Drone  
  131  7:41  Drone x2  
  131  7:42  Drone  
  131  7:43  Drone  
  138  7:46  Overlord, Extractor  
  138  7:48  Hydralisk  
  138  7:50  Hydralisk  
  141  7:55  Hydralisk x2  
  141  7:57  Overlord  
  145  7:58  Hydralisk  
  145  8:01  Centrifical Hooks  
  145  8:05  Muscular Augments  
  147  8:09  Hydralisk x2  
  147  8:11  Hydralisk x2  
  155  8:17  Zergling x12  
  161  8:20  Pneumatized Carapace  
  161  8:31  Zergling x22  
  161  8:34  Zerg Melee Weapons Level 2  
  172  8:38  Zergling x6  
  175  8:42  Zergling x4  
  175  8:47  Baneling  
  175  8:48  Baneling x14  
  177  8:51  Zergling x4  
  177  8:54  Infestation Pit  
  178  8:58  Zergling x14  
  185  9:05  Zergling x10  
  185  9:06  Zergling x4  
  185  9:09  Baneling x10  
  191  9:10  Baneling  
  186  9:22  Zergling x12  
  192  9:34  Zergling x2  
  192  9:35  Zergling x10  
  182  9:38  Hatchery  
  155  9:48  Corruptor x7  
  155  9:50  Zergling x4  
  159  9:56  Hydralisk x3  
  163  10:00  Hydralisk x2  
  163  10:04  Hive  
  163  10:06  Baneling x4  
  165  10:07  Baneling  
  165  10:10  Baneling x6  
  165  10:11  Baneling x2  
  163  10:17  Hydralisk x3  
  169  10:22  Zergling x10  
  174  10:28  Drone x2  
  174  10:30  Overlord  
  174  10:31  Overlord, Extractor  
  174  10:41  Overlord  
  174  10:43  Overseer  
  174  10:56  Spore Crawler  
  173  10:57  Drone x4  
  173  10:58  Spine Crawler  
  173  11:00  Spine Crawler x2  
  173  11:02  Drone x3  
  173  11:03  Spore Crawler  
  176  11:05  Spore Crawler  
  176  11:06  Corruptor x3  
  176  11:07  Spore Crawler  
  180  11:13  Zergling x14  
  180  11:15  Baneling x5  
  180  11:16  Baneling  
  187  11:18  Zergling x4  
  187  11:25  Baneling x13  
  189  11:26  Zergling x2  
Show
View Real Time Build Order
Export as new Build Order

Neeb Protoss - Winner!

Build Orders: 1 Gate Expand, Oracle Opening, Phoenix Opening 

Get SALT Encoding   

  12  0:00  Probe  
  13  0:12  Probe  
  14  0:18  Pylon  
  14  0:24  Probe  
  15  0:32  Probe  
  15  0:38  Gateway  
  15  0:40  Probe  
  16  0:48  Assimilator  
  17  0:51  Probe  
  18  1:03  Probe  
  19  1:15  Probe  
  20  1:25  Nexus  
  20  1:34  Cybernetics Core  
  20  1:37  Probe  
  21  1:42  Assimilator  
  21  1:49  Probe  
  21  1:52  Pylon  
  22  2:00  Adept  
  22  2:01  Probe  
  23  2:09  Probe  
  26  2:18  Probe  
  26  2:22  Stargate  
  27  2:26  Pylon  
  27  2:32  Adept  
  27  2:34  Probe  
  27  2:37  Probe  
  30  2:41  Warp Gate  
  30  2:42  Probe  
  31  2:49  Probe  
  33  2:53  Probe  
  34  2:59  Gateway  
  34  3:01  Probe  
  34  3:03  Phoenix  
  35  3:06  Probe  
  38  3:13  Probe  
  38  3:18  Probe  
  40  3:22  Oracle, Gateway  
  40  3:25  Probe  
  41  3:29  Pylon  
  44  3:35  Probe  
  44  3:37  Probe  
  46  3:41  Pylon  
  46  3:47  Probe  
  47  3:53  Probe  
  47  3:55  Pylon  
  48  3:56  Oracle  
  48  3:59  Probe  
  52  4:05  Probe  
  53  4:11  Probe  
  53  4:16  Pylon  
  54  4:19  Nexus  
  54  4:25  Oracle, Probe  
  54  4:31  Probe  
  56  4:32  Adept x3  
  56  4:37  Probe  
  66  4:43  Probe  
  66  4:44  Pylon  
  67  4:53  Adept x3  
  67  4:57  Probe  
  75  5:00  Probe  
  75  5:07  Robotics Facility  
  75  5:09  Probe  
  75  5:10  Assimilator  
  75  5:12  Probe  
  77  5:14  Assimilator  
  77  5:16  Zealot x3  
  83  5:21  Probe  
  83  5:23  Pylon  
  83  5:24  Probe  
  85  5:34  Probe  
  87  5:35  Probe  
  87  5:36  Probe  
  74  5:50  Stalker, Sentry x2  
  74  5:52  Immortal, Gateway  
  74  5:53  Probe x2  
  74  5:54  Gateway  
  74  5:55  Forge  
  74  5:56  Probe  
  83  5:57  Forge  
  87  6:05  Probe  
  87  6:07  Probe  
  87  6:10  Probe  
  90  6:17  Probe  
  90  6:18  Assimilator  
  91  6:19  Probe  
  91  6:20  Assimilator  
  91  6:22  Probe  
  93  6:25  Robotics Bay  
  93  6:28  Pylon  
  93  6:29  Probe  
  93  6:31  Probe  
  95  6:34  Probe  
  95  6:38  Immortal  
  95  6:39  Pylon  
  96  6:41  Probe  
  96  6:44  Protoss Ground Armor Level 1  
  96  6:46  Protoss Ground Weapons Level 1  
  101  6:47  Pylon  
  101  6:48  Pylon  
  101  6:52  Shield Battery  
  101  6:53  Shield Battery  
  101  6:55  Twilight Council  
  98  7:05  Gateway  
  98  7:07  Colossus  
  98  7:10  Stalker  
  98  7:11  Stalker x3  
  106  7:21  Probe x2  
  114  7:28  Extended Thermal Lance  
  114  7:31  Gateway  
  114  7:32  Gateway  
  114  7:34  Pylon, Blink  
  114  7:38  Sentry, Pylon  
  114  7:40  Pylon  
  116  7:46  Photon Cannon  
  116  7:48  Colossus, Photon Cannon  
  116  7:49  Photon Cannon  
  113  7:57  Stalker x2  
  117  8:12  Stalker x3, Sentry  
  131  8:26  Nexus  
  131  8:29  Colossus  
  131  8:39  Sentry  
  133  8:42  Stalker x4  
  133  8:48  Stalker x2  
  151  8:50  Protoss Ground Weapons Level 2  
  151  8:52  Pylon  
  151  8:54  Assimilator  
  151  8:55  Protoss Ground Armor Level 2  
  151  8:58  Assimilator  
  151  9:03  Probe x2  
  153  9:11  Stalker, Zealot x4  
  163  9:20  Colossus  
  169  9:31  Stalker x2  
  169  9:32  Photon Cannon  
  169  9:34  Photon Cannon  
  173  9:43  Stalker x4  
  159  9:51  Stalker x2  
  159  10:01  Probe  
  159  10:02  Probe x2  
  159  10:03  Photon Cannon  
  159  10:04  Shield Battery  
  162  10:13  Sentry x2  
  162  10:14  Zealot x4, Sentry x2  
  170  10:21  Warp Prism  
  180  10:43  Stalker x4  
  180  10:46  Pylon  
  180  10:48  Pylon  
  188  10:55  Nexus  
  188  11:02  Photon Cannon  
  188  11:07  Photon Cannon  
  188  11:15  Stalker x6  
  200  11:39  Stalker x2  
  180  11:40  Stalker x6  
Tags
 
Add a new tag
Caveats
  • Supply blocks, unpowered buildings, or Contaminate may cause inaccurate times.
  • Supply counts are checked every 10 seconds.